 Dungeon Crawl Stone Soup version 0.22-a0-266-g5fdf0d7 (webtiles) character file.

286 ohad the Shield-Bearer (level 6, 0/88 HPs)
             Began as a Troll Monk on Mar 8, 2018.
             Succumbed to an orc wizard's poison
             ... on level 3 of the Dungeon.
             The game lasted 00:07:19 (2278 turns).

ohad the Shield-Bearer (Troll Monk)                 Turns: 2278, Time: 00:07:19

Health: 0/88       AC: 23    Str: 20    XL:     6   Next: 8%
Magic:  5/5        EV:  1    Int: 11    God:
Gold:   148        SH: 15    Dex: 19    Spells: 5/5 levels left

rFire    . . .     SeeInvis .     - Unarmed
rCold    . . .     Gourm    +   c - +0 large shield (curse)
rNeg     + + +     Faith    .   (armour currently unavailable)
rPois    +         Spirit   .   (helmet currently unavailable)
rElec    .         Reflect  .   (cloak currently unavailable)
rCorr    .         Harm     .   (gloves unavailable)
MR       .....     NoTele   +   (boots unavailable)
Stlth    +++.......             (no amulet)
HPRegen  0.64/turn              (no ring)
MPRegen  0.09/turn              (no ring)

@: brilliant, agile, lethally poisoned (0 -> -13), tree-form, hasted and slowed
A: large, unfitting armour, fast metabolism 3, gourmand, regeneration 1
a: no special abilities


You were on level 3 of the Dungeon.
You were very full.
You were a tree.
You visited 1 branch of the dungeon, and saw 3 of its levels.

You collected 148 gold pieces.

Inventory:

Hand Weapons
 n - a +0 hunting sling
Missiles
 g - 41 bolts
 k - 12 tomahawks (quivered)
Armour
 a - a +0 robe (melded)
 c - a cursed +0 large shield (worn)
Scrolls
 d - 3 scrolls of remove curse {unknown}
 f - a scroll of enchant armour {unknown}
 i - 3 scrolls of identify {unknown}
 j - a scroll of fog {unknown}
 m - a scroll of amnesia {unknown}
Comestibles
 b - 4 rations


   Skills:
 - Level 2.5 Fighting
 - Level 2.5 Dodging
 - Level 1.0 Stealth
 + Level 4.8 Shields
 - Level 3.1 Unarmed Combat


You had 5 spell levels left.
You didn't know any spells.

Dungeon Overview and Level Annotations

Branches:
Dungeon (3/15)

Altars:
Qazlal
Ru
Zin


Innate Abilities, Weirdness & Mutations

You are too large for most types of armour.
((You have claws for hands.))
Your metabolism is lightning-fast.
You like to eat raw meat.
Your natural rate of healing is unusually fast.
((You are covered in fur. (AC +1)))
((You have very tough skin. (AC +2)))


Message History

The magic dart hits you!
* * * LOW HITPOINT WARNING * * *
The orc wizard hits you but does no damage.
It was a potion of lignification.
You turn into a tree.
Your +0 robe melds into your body.
Your roots penetrate the ground.
* * * LOW HITPOINT WARNING * * *
You feel sick. Something hits you but does no damage.
The orc wizard casts a spell at you. The magic dart hits you!
Unknown command.
Unknown command.
Unknown command.
You pummel the orc wizard!!
You kill the orc wizard!
You have reached level 6!
Your experience leads to an increase in your attributes!
Your base attributes are Str 19, Int 6, Dex 13.
Increase (S)trength, (I)ntelligence, or (D)exterity?
You feel agile.
You feel stronger.
You die...

#######.##.#
#.......[#.#
##.####..#.# #
#..#.###### #..........
.#####...##....
..........##._..
.##############.#.#.....
.....o{♣)......>.......8
.#########.##...##......
#.##...##......
#.##...##....._
#.#######...... #.#
#...... #.# #...... #.#
#...... #......


You could see an orc.

Vanquished Creatures
  A centaur zombie (D:2)
  3 jellies (D:2)
  An orc wizard (D:3)
  2 adders (D:2)
  9 oozes (D:2)
  2 worms (D:2)
  3 dart slugs
  A leopard gecko (D:1)
  2 orcs (D:3)
  5 bats
  3 giant cockroaches
  7 hobgoblins
  2 quokkas (D:2)
  A ball python (D:1)
  8 frilled lizards
  7 goblins
  13 kobolds
  4 rats
74 creatures vanquished.

Vanquished Creatures (others)
  3 fungi (D:2)
  4 toadstools (D:2)
7 creatures vanquished.

Grand Total: 81 creatures vanquished

Notes
Turn   | Place    | Note
-------+----------+-------------------------------------------
     0 | D:1      | ohad the Troll Monk began the quest for the Orb.
     0 | D:1      | Reached XP level 1. HP: 22/22 MP: 0/0
   346 | D:1      | Reached XP level 2. HP: 29/29 MP: 1/1
   496 | D:1      | Reached skill level 1 in Shields
  1008 | D:2      | Reached XP level 3. HP: 36/36 MP: 2/2
  1036 | D:2      | Reached skill level 2 in Shields
  1082 | D:2      | Reached XP level 4. HP: 43/44 MP: 3/3
  1260 | D:2      | Reached skill level 3 in Shields
  1848 | D:2      | Reached XP level 5. HP: 42/50 MP: 4/4
  1851 | D:2      | Reached skill level 4 in Shields
  2117 | D:3      | Found a sacrificial altar of Ru.
  2118 | D:3      | Found a glowing silver altar of Zin.
  2120 | D:3      | Found a stormy altar of Qazlal.
  2277 | D:3      | HP: 2/75 [poisoned by an orc wizard]
  2278 | D:3      | Reached XP level 6. HP: 3/59 MP: 5/5
  2278 | D:3      | Succumbed to an orc wizard's poison

Vault maps used:
D:1:      onia_arrival_mini_maze_b
D:2:      cheibrodos_fertilizer
D:3:      grunt_temple_overflow_open, gup_sewer_entry_glass, uniq_terence

Skill      XL: |  1  2  3  4  5 |
---------------+----------------+-----
Shields        | 1 2 3 4 |  4.8
Fighting       | |  2.5
Dodging        | |  2.5
Stealth        | |  1.0
Unarmed Combat | |  3.1

Action                   |  1- 3 |  4- 6 || total
-------------------------+-------+-------++-------
Melee: Unarmed           |    84 |   139 ||   223
  Use: Potion            |       |     4 ||     4
 Stab: Sleeping          |     2 |     3 ||     5
  Eat: Chunk             |    14 |    12 ||    26
Armor: Robe              |    24 |    37 ||    61
       Skin              |       |     2 ||     2
Dodge: Dodged            |    13 |    18 ||    31
Block: Large shield      |    46 |    82 ||   128

Table legend:
 A = Spawn XP
 B = Non-spawn XP
 C = Spawn XP percentage of total XP
 D = Spawn monster count
 E = Non-spawn monster count
 F = Spawn count percentage of total count
 G = Total turns spent on level
                    A         B        C        D         E        F      G
               +---------+---------+-------+---------+---------+-------+---------
         Total |       0 |     409 |   0.0 |       0 |      74 |   0.0 |  2278
               +---------+---------+-------+---------+---------+-------+---------
           D:1 |       0 |      38 |   0.0 |       0 |      21 |   0.0 |   995
           D:2 |       0 |     319 |   0.0 |       0 |      46 |   0.0 |   982
           D:3 |       0 |      52 |   0.0 |       0 |       7 |   0.0 |   301
               +---------+---------+-------+---------+---------+-------+---------
